 Dungeon Crawl Stone Soup version 0.28-a0-2-g643f2454ad (webtiles) character file.

Game seed: 5182501551121043941

7 PentaManta the Ducker (level 1, 0/11 HPs)
             Began as a Spriggan Monk on July 22, 2021.
             Succumbed to a kobold's poison
             ... on level 1 of the Dungeon.
             The game lasted 00:00:35 (216 turns).

PentaManta the Ducker (Spriggan Monk)                Turns: 216, Time: 00:00:36

Health: 0/11       AC:  2    Str:  7    XL:     1   Next: 83%
Magic:  2/2        EV: 19    Int: 11    God:
Gold:   13         SH:  0    Dex: 17    Spells: 0/0 levels left

rFire   . . .      SeeInvis +   a - +0 short sword
rCold   . . .      Faith    .   (shield restricted)
rNeg    . . .      Spirit   .   b - +0 robe
rPois   .          Reflect  .   (helmet restricted)
rElec   .          Harm     .   (no cloak)
rCorr   .          Rampage  .   (gloves unavailable)
Will    .....                   (boots unavailable)
Stlth   +++.......              (no amulet)
HPRegen 0.03/turn               (no ring)
MPRegen 0.08/turn               (no ring)

@: lethally poisoned (0 -> -5), flying, very quick
A: very small, no large weapons, unfitting armour, see invisible, speed 3
a: no special abilities


You were on level 1 of the Dungeon.
You visited 1 branch of the dungeon, and saw 1 of its levels.

You collected 13 gold pieces.

Inventory:

Hand Weapons
 a - a +0 short sword (weapon)
 d - a +0 hunting sling
Missiles
 e - 5 stones (quivered)
Armour
 b - a +0 robe (worn)


   Skills:
 - Level 2.4 Fighting
 + Level 3.4 Short Blades
 * Level 4.2 Dodging
 * Level 3.4 Stealth


You couldn't memorise any spells.
You didn't know any spells.
Your spell library was empty.

Dungeon Overview and Level Annotations

Branches:
Dungeon (1/15)

Altars:


Innate Abilities, Weirdness & Mutations

You are very small and have problems with some larger weapons.
You are too small for most types of armour.
You have supernaturally acute eyesight. (SInv)
You cover ground extremely quickly. (Speed+++)


Message History

You hit the endoplasm but do no damage. The endoplasm freezes you.
You are frozen.
You hit the endoplasm.
The endoplasm is severely wounded.
The endoplasm hits you but does no damage.
You hit the endoplasm.
You kill the endoplasm!
No target in view!
A kobold comes into view. It is wielding a +0 dagger of venom.
A kobold is nearby!
A kobold is nearby!
The kobold shouts!
The kobold throws a stone.
The stone closely misses you.
You hit the kobold but do no damage. The kobold misses you.
You barely miss the kobold. The kobold hits you but does no damage.
You are poisoned.
Unknown command.
It was a potion of flight.
You feel very buoyant.
You fly up into the air.
You feel sick.
The kobold hits you with a +0 dagger of venom.
You are lethally poisoned!
You hit the kobold.
The kobold is heavily wounded.
You feel sick.
The kobold hits you with a +0 dagger of venom.
You barely miss the kobold.
The kobold is heavily wounded.
* * * LOW HITPOINT WARNING * * *
You feel sick. The kobold barely misses you.
You hit the kobold.
The kobold is severely wounded.
* * * LOW HITPOINT WARNING * * *
You feel sick. The kobold barely misses you.
You hit the kobold.
You kill the kobold!
* * * LOW HITPOINT WARNING * * *
You feel sick.
You die...

#...# #...# #...#
#...## # #....# .# ##
#....## #...
...####.....#### ....
#.....#...#....#..#..#
#..##...#.....@.....#
#....................
######...............
#..##...........
##†###.###......
#####.....# ####..
#......#### .
######.###### .#...#.#


There were no monsters in sight!

Vanquished Creatures
  A ball python (D:1)
  An endoplasm (D:1)
  A giant cockroach (D:1)
  A kobold (D:1)
  2 rats (D:1)
6 creatures vanquished.

Vanquished Creatures (others)
  2 fungi (D:1)
2 creatures vanquished.

Grand Total: 8 creatures vanquished

Notes
Turn   | Place    | Note
-------+----------+-------------------------------------------
     0 | D:1      | PentaManta the Spriggan Monk began the quest for the Orb.
     0 | D:1      | Reached XP level 1. HP: 11/11 MP: 2/2
   216 | D:1      | Succumbed to a kobold's poison

Illustrated notes

Levels and vault maps discovered:
D:1:      dpeg_arrival_prison, layout_rooms, minmay_tromino_i4

Action                   || total
-------------------------++-------
Melee: Short sword       ||    16
  Use: Potion            ||     1
 Stab: Sleeping          ||     1
Armor: Robe              ||     2
Dodge: Dodged            ||     8

Table legend: (Time is in decaauts)
 A = Elapsed time spent in this place.
 B = Non-inter-level travel time spent in this place.
 C = Inter-level travel time spent in this place.
 D = Time resting spent in this place.
 E = Time spent auto-exploring this place.
 F = Levels seen in this place.
 G = Mean time per level.
                   A        B        C        D        E       F      G
               +--------+--------+--------+--------+--------+-----+--------+
         Total |    178 |    178 |      0 |      0 |    140 |   1 |  178.0 |
       Dungeon |    178 |    178 |      0 |      0 |    140 |   1 |  178.0 |
               +--------+--------+--------+--------+--------+-----+--------+

Top non-repeatable levels by time:
     D:1: 178 daAuts
